 Dungeon Crawl Stone Soup version 0.17-a0-2127-g1cb09f6 (webtiles) character file.

226 brucemayne the Chopper (level 5, -3/38 HPs)
             Began as a Demonspawn Gladiator on Oct 22, 2015.
             Shot with an arrow by a centaur (4 damage)
             ... on level 5 of the Dungeon.
             The game lasted 00:03:51 (690 turns).

brucemayne the Chopper (Demonspawn Gladiator)        Turns: 690, Time: 00:03:52

Health: -3/38      AC:  9    Str: 17    XL:     5   Next: 69%
Magic:  0/5        EV: 10    Int:  9    God:
Gold:   52         SH:  0    Dex: 13    Spells: 0 memorised, 4 levels left

rFire  . . .     SeeInvis .     a - +0 war axe
rCold  . . .     Clarity  .     f - +0 scale mail
rNeg   . . .     SustAt   .     (no shield)
rPois  .         Gourm    .     c - +0 helmet
rElec  .         Spirit   +     (no cloak)
rCorr  .         Warding  .     (no gloves)
rMut   .         Stasis   .     k - +0 pair of boots
MR     .....                    h - amulet of guardian spirit
Stlth  ..........               (no ring)
                                (no ring)

@: about to teleport, not resistant to hostile enchantments, extremely
unstealthy
A: claws 2, molten scales 1
a: no special abilities


You were on level 5 of the Dungeon.
You were not hungry.

You visited 1 branch of the dungeon, and saw 6 of its levels.

You collected 52 gold pieces.

Inventory:

Hand Weapons
 a - a +0 war axe (weapon)
Missiles
 j - 12 poisoned needles
Armour
 b - a +0 leather armour
 c - a +0 helmet (worn)
 f - a +0 scale mail (worn)
 k - a +0 pair of boots (worn)
 o - a +2 pair of boots
Jewellery
 h - an amulet of guardian spirit (around neck)
Scrolls
 l - a scroll of fog {unknown}
 m - a scroll of remove curse {unknown}
 n - a scroll of identify
Comestibles
 d - a chunk of flesh
 e - 4 bread rations
 g - a beef jerky


   Skills:
 - Level 2.0 Fighting
 + Level 5.9 Axes
 - Level 1.7 Throwing
 - Level 2.6 Dodging


You had 4 spell levels left.
You didn't know any spells.

Dungeon Overview and Level Annotations

Branches:
Dungeon (6/15)
 Temple: D:4-7

Altars:
Makhleb
Ru
Zin

Annotations:
D:6 Pikel


Innate Abilities, Weirdness & Mutations

You have very sharp fingernails.
You are partially covered in molten scales (AC +1).


Message History

* * * LOW HITPOINT WARNING * * *
Things that are here:
an arrow; a pair of glowing boots
o - a pair of glowing boots The centaur shoots an arrow.
The arrow barely misses you.
Read which item? (? for menu, Esc to quit)
As you read the scroll labeled GASUMIEGRI, it crumbles to dust.
It is a scroll of identify.
Identify which item? (\ to view known items) (? for menu, Esc to quit)
i - a scroll of teleportation The centaur shoots an arrow.
The arrow hits you.
* * * LOW HITPOINT WARNING * * *
The centaur shoots an arrow.
The arrow hits you.
* * * LOW HITPOINT WARNING * * *
Read which item? (? for menu, Esc to quit)
As you read the scroll of teleportation, it crumbles to dust.
You feel strangely unstable.
The centaur shoots an arrow.
The arrow barely misses you.
The centaur shoots an arrow.
The arrow hits you.
You die...

.....###.(....######..
8...8##..#...........#
#####..........###
#.............
#.............
#.............
####[............
#..c....(.(.......
..###....(@.......
##########.... #


You could see a centaur.

Vanquished Creatures
  An ogre (D:4)
  A centaur (D:5)
  A hound (D:4)
  An adder (D:5)
  An orc (D:4)
  2 giant cockroaches
  2 hobgoblins
  4 bats
  A giant newt (D:5)
  4 goblins
  A kobold (D:1)
  2 rats
21 creatures vanquished.

Notes
Turn   | Place    | Note
--------------------------------------------------------------
     0 | D:1      | brucemayne the Demonspawn Gladiator began the quest for the Orb.
     0 | D:1      | Reached XP level 1. HP: 16/16 MP: 1/1
   147 | D:1      | Reached skill level 3 in Axes
   219 | D:1      | Gained mutation: You have sharp fingernails. [demonic ancestry]
   219 | D:1      | Reached XP level 2. HP: 17/22 MP: 2/2
   433 | D:4      | Reached skill level 4 in Axes
   433 | D:4      | Gained mutation: You have very sharp fingernails. [demonic ancestry]
   433 | D:4      | Reached XP level 3. HP: 27/27 MP: 3/3
   454 | D:4      | Noticed an ogre
   503 | D:4      | Killed an ogre
   503 | D:4      | Reached skill level 5 in Axes
   503 | D:4      | Gained mutation: You are partially covered in molten scales (AC +1). [demonic ancestry]
   503 | D:4      | Reached XP level 4. HP: 33/33 MP: 4/4
   503 | D:4      | Reached XP level 5. HP: 38/38 MP: 5/5
   534 | D:5      | Entered Level 5 of the Dungeon
   573 | D:6      | Noticed a slave
   574 | D:6      | Found a burning altar of Makhleb.
   574 | D:6      | Noticed a slave
   575 | D:6      | Noticed Pikel
   575 | D:6      | Noticed a slave
   575 | D:6      | Noticed a slave
   592 | D:5      | Noticed a centaur
   602 | D:5      | Killed a centaur
   642 | D:5      | Found a sacrificial altar of Ru.
   650 | D:5      | Found a glowing silver altar of Zin.
   684 | D:5      | Noticed a centaur
   688 | D:5      | HP: 1/38 [centaur/arrow (4)]
   690 | D:5      | Shot with an arrow by a centaur

Vault maps used:
D:1:      minmay_arrival_doors, feat_on_display
D:2:      nicolae_ru_great_annihilating_truth, uniq_iyjb, uniq_natasha
D:3:      first_bread, roderic_bali_sauvastika, uniq_crazy_yiuf_cottage,
          uniq_grinder, uniq_terence
D:4:      serial_shops, nicolae_shop_trees, grunt_ashenzari_visionary
D:5:      nicolae_tso_carved_into_rock, fedhas_altar_1,
          nicolae_overflow_hidden_temple, temple_green, interstate_on_off,
          uniq_edmund
D:6:      old_standard_altar, uniq_pikel

Action                   |  1- 3 |  4- 6 || total
-------------------------+-------+-------++-------
Melee: War axe           |    62 |    16 ||    78
Throw: Throwing net      |     5 |     1 ||     6
  Use: Scroll            |       |     2 ||     2
       Potion            |       |     1 ||     1
 Stab: Held in net/web   |     2 |       ||     2
